 Dungeon Crawl Stone Soup version 0.28-a0-1510-gd0f6b136d3 (webtiles) character file.

Game seed: 18170591662811833159

130 croobank the Insei (level 4, -6/37 HPs)
             Began as a Draconian Transmuter on Jan 14, 2022.
             Killed from afar by an orc wizard (8 damage)
             ... with a puff of flame
             ... on level 4 of the Dungeon.
             The game lasted 00:12:34 (3418 turns).

croobank the Insei (Draconian Transmuter)           Turns: 3418, Time: 00:12:35

Health: -6/37      AC:  5    Str: 12    XL:     4   Next: 90%
Magic:  8/8        EV: 12    Int: 14    God:
Gold:   40         SH:  0    Dex: 13    Spells: 5/8 levels left

rFire   . . .      SeeInvis .   a - +2 short sword (elec)
rCold   + . .      Faith    .   (no shield)
rNeg    . . .      Spirit   .   (armour unavailable)
rPois   .          Reflect  .   (helmet restricted)
rElec   .          Harm     .   (no cloak)
rCorr   .          Rampage  .   (no gloves)
Will    .....                   (no boots)
Stlth   +.........              (no amulet)
HPRegen 0.12/turn               k - ring of protection from cold
MPRegen 0.11/turn               (no ring)

@: brilliant, wereblooded
A: AC +5, unfitting armour, cold-blooded
a: no special abilities


You were on level 4 of the Dungeon.
You visited 1 branch of the dungeon, and saw 4 of its levels.

You collected 84 gold pieces.
You spent 44 gold pieces at shops.

Inventory:

Hand Weapons
 a - a +2 short sword of electrocution (weapon)
 b - a +0 hunting sling
 e - a +0 hand axe
Missiles
 c - 75 stones
 f - 5 poisoned darts
 m - 5 boomerangs (quivered)
 p - 8 bolts
 r - 20 sling bullets
 v - 17 arrows
Jewellery
 k - a ring of protection from cold (left hand)
Scrolls
 g - a scroll of blinking {unknown}
 i - a scroll of torment {unknown}
 l - 2 scrolls of fear {unknown}
 n - 2 scrolls of teleportation {unknown}
 o - a scroll of identify
 q - a scroll of enchant weapon {unknown}
 s - a scroll of fog {unknown}
 t - a scroll of brand weapon {unknown}
Potions
 d - 2 potions of haste
 h - a potion of curing
 j - 2 potions of heal wounds


   Skills:
 + Level 2.4 Fighting
 + Level 1.0 Short Blades
 - Level 0.4 Axes
 + Level 2.5 Dodging
 - Level 3.2 Unarmed Combat
 + Level 2.7 Spellcasting
 + Level 2.8 Transmutations


You had 5 spell levels left.
You knew the following spells:

 Your Spells              Type           Power      Damage    Failure   Level
a - Beastly Appendage     Tmut           28%        N/A       7%          1
b - Wereblood             Tmut           14%        N/A       11%         2

Your spell library contained the following spells:

 Spells                   Type           Power      Damage    Failure   Level
 Animate Skeleton         Necr           4%         N/A       22%         1
 Apportation              Tloc           4%         N/A       22%         1
 Summon Small Mammal      Summ           8%         N/A       22%         1
 Spider Form              Tmut/Pois      8%         N/A       36%         3
 Ice Form                 Ice/Tmut       8%         N/A       77%         4


Dungeon Overview and Level Annotations

Branches:
Dungeon (4/15)
 Temple: D:4-7

Altars:

Shops:
D:2 ([*![   D:4 *


Innate Abilities, Weirdness & Mutations

Your plain brown scales are hard. (AC +5)
You cannot fit into any form of body armour.
You are cold-blooded and may be slowed by cold attacks.


Message History

The orc wizard flickers and vanishes!
Deactivating autopickup; reactivate with Ctrl-A.
The orc moves out of view.
Things that are here:
a +0 club; a +0 leather armour; an orc corpse It was a potion of brilliance.
You feel clever all of a sudden.
Casting: Beastly Appendage (safe; 7% risk of failure)
Confirm with . or Enter, or press ? or * to list all spells.
You feel a surge of power!
Your blood is infused with primal strength.
The orc hits you with a +0 club.
You hit the orc. Your kick misses the orc.
The orc is heavily wounded.
You closely miss something. You claw something.
Your tail-slap misses something.
You miss something. Your kick misses something. Something hits you.
The orc closely misses you.
You miss something. Your kick misses something. The orc closely misses you.
You hit the orc. You claw the orc.
You feel a bit better.
You kill the orc!
Your horns disappear.
Your talons disappear.
Something hits you.
The orc hits you from afar with a +0 trident.
* * * LOW HITPOINT WARNING * * *
The orc hits you with a +0 dagger.
* * * LOW HITPOINT WARNING * * *
You hit something.
Your tail-slap misses something.
Something hits you.
* * * LOW HITPOINT WARNING * * *
You open the door.
You howl as the wereblood boils in your veins!
The orc closely misses you. x2
The orc hits you from afar with a +0 trident.
* * * LOW HITPOINT WARNING * * *
There is an open door, spattered with blood here.
There is a stone staircase leading down here.
You hear some strange, mumbled words.
A puff of flame appears from out of thin air!
The puff of flame hits you!
You die...

......#.>..#.............#..
......#....#.............#..
......#....'....##########..
...#+#####'###...........
###+##........................
#....#........................
#....#........................
#....#........................
#....'.......@.....#####'####'
#####+##......o{.....#........#.
.......>...#)##'#.....#........#.
...........#.).o#.....#........#.
...........#....#.....##########.
...........#....#.....#.......##.
...........#....#.....#.......##.
...........#....#.....#........#.
...........#....#.....#..#.....#.


You could see 2 orcs.

Vanquished Creatures
  A hound (D:4)
  3 adders
  6 dart slugs
  3 orcs (D:4)
  3 bats (D:1)
  10 endoplasms
  3 giant cockroaches
  5 goblins
  4 hobgoblins
  2 quokkas (D:1)
  6 ball pythons
  A frilled lizard (D:2)
  8 kobolds
  2 rats
57 creatures vanquished.

Notes
Turn   | Place    | Note
-------+----------+-------------------------------------------
     0 | D:1      | croobank the Draconian Transmuter began the quest for the
                  | Orb.
     0 | D:1      | Reached XP level 1. HP: 16/16 MP: 3/3
   241 | D:1      | Reached XP level 2. HP: 23/23 MP: 3/5
   254 | D:1      | Learned a level 2 spell: Wereblood
   695 | D:2      | Found Ruibris's Antique Armour Emporium.
   797 | D:2      | Reached XP level 3. HP: 29/29 MP: 4/6
   843 | D:2      | Found Zimpe's Distillery.
   899 | D:2      | Found a faded altar of an unknown god.
   913 | D:2      | Found Pily's General Store.
  1041 | D:2      | Found Fenkej's Antique Armour Boutique.
  1420 | D:2      | Found Faczott's Antique Weapon Shop.
  1643 | D:2      | Bought a scroll of identify for 22 gold pieces
  1643 | D:2      | Bought a scroll of identify for 22 gold pieces
  2041 | D:1      | You fall into a shaft and drop 1 floor!
  2435 | D:3      | Reached XP level 4. HP: 36/36 MP: 5/7
  3265 | D:4      | Found Etileg's Neck Hole.
  3381 | D:4      | Reached skill level 1 in Short Blades
  3418 | D:4      | Killed from afar by an orc wizard

Illustrated notes

Levels and vault maps discovered:
D:1:      dpeg_arrival_long_road, layout_loops_ring, hex_tiny
D:2:      layout_basic, hellmonk_ecumenical_altar_pennies_from_heaven,
          serial_shops, nicolae_shop_stone,
          nicolae_shop_competitors_out_of_business, nicolae_diamond_shop, shop,
          nicolae_shop_crystal, minmay_tetromino_t2
D:3:      layout_basic
D:4:      layout_gridville, nicolae_shop_sticking_my_neck_out

Skill      XL: |  1  2  3  4 |
---------------+-------------+-----
Dodging        | 2 |  2.5
Fighting       | 2 |  2.4
Short Blades   | 1 |  1.0
Axes           | |  0.4
Unarmed Combat | |  3.2
Spellcasting   | |  2.7
Transmutations | |  2.8

Action                   |  1- 3 |  4- 6 || total
-------------------------+-------+-------++-------
Melee: Unarmed           |    60 |       ||    60
       Tailslap          |    10 |     7 ||    17
       Headbutt          |    11 |     4 ||    15
       Kick              |    16 |     7 ||    23
       Hand axe          |    34 |       ||    34
       Punch             |     1 |       ||     1
       Short sword       |    25 |    43 ||    68
 Cast: Beastly Appendage |    31 |    11 ||    42
       Wereblood         |     2 |     1 ||     3
  Use: Scroll            |     3 |       ||     3
       Potion            |       |     1 ||     1
Armor: Skin              |    32 |    12 ||    44
Dodge: Dodged            |    93 |    26 ||   119

Table legend: (Time is in decaauts)
 A = Elapsed time spent in this place.
 B = Non-inter-level travel time spent in this place.
 C = Inter-level travel time spent in this place.
 D = Time resting spent in this place.
 E = Time spent auto-exploring this place.
 F = Levels seen in this place.
 G = Mean time per level.
                   A        B        C        D        E       F      G
               +--------+--------+--------+--------+--------+-----+--------+
         Total |   3431 |   3289 |    142 |    170 |   2212 |   4 |  857.8 |
       Dungeon |   3431 |   3289 |    142 |    170 |   2212 |   4 |  857.8 |
               +--------+--------+--------+--------+--------+-----+--------+

Top non-repeatable levels by time:
     D:2: 1182 daAuts
     D:1: 1137 daAuts
     D:3: 808 daAuts
     D:4: 303 daAuts
